 Dungeon Crawl Stone Soup version 0.31-a0-1066-g35875b34c7 (webtiles) character file.

Game seed: 16629104486037913556

141384 Maratek the Tortoise (level 16, 0/155 HPs)
             Began as a Minotaur Fighter on Nov 22, 2023.
             Was the Champion of Qazlal.
             Succumbed to a nagaraja's bolt of poison
             ... on level 4 of the Snake Pit.
             The game lasted 00:48:40 (19457 turns).

Maratek the Tortoise (Minotaur Fighter)            Turns: 19457, Time: 00:48:41

Health: 0/155      AC:  9    Str: 31    XL:     16   Next: 78%
Magic:  15/15      EV: 16    Int:  9    God:    Qazlal [******]
Gold:   973        SH: 23    Dex: 10    Spells: 15/15 levels left

rFire   . . .        e - +5 eveningstar (spect)
rCold   + . .        E - +2 kite shield
rNeg    + + .        V - +1 robe of Vines {NoPotionHeal Regen++++}
rPois   .            b - +0 hat of Foolhardiness {rCorr Int+7 Stlth-}
rElec   .            y - +1 cloak
rCorr   +            (no gloves)
SInv    .            S - +0 pair of boots "Ceojosu" {+Blink rN+ Str+2 Int-3}
Will    ++...        l - amulet of regeneration Stlth
                     O - ring of Tefrifyl {rC+ rN+ rCorr}
HPRegen 4.45/turn    d - ring of willpower
MPRegen 0.14/turn

%: repel missiles
@: lethally poisoned (0 -> -12), studying Armour
A: horns 2, retaliatory headbutt
a: Renounce Religion, Evoke Blink, Upheaval, Elemental Force, Disaster Area


You were on level 4 of the Snake Pit.
You worshipped Qazlal.
Qazlal was exalted by your worship.
You visited 3 branches of the dungeon, and saw 22 of its levels.
You also visited: Bailey, Gauntlet and Volcano.

You collected 1870 gold pieces.
You spent 897 gold pieces at shops.

Inventory:

Hand Weapons
 e - a +5 spectral eveningstar (weapon)
Missiles
 j - a throwing net
Armour
 b - the +0 hat of Foolhardiness (worn) {rCorr Int+7 Stlth-}
   (You found it in a Gauntlet)

   Int+7:     It affects your intelligence (+7).
   rCorr:     It protects you from acid and corrosion.
   Stlth-:    It makes you less stealthy.
 y - a +1 cloak (worn)
 E - a +2 kite shield (worn)
 S - the +0 pair of boots "Ceojosu" (worn) {+Blink rN+ Str+2 Int-3}
   (You found it in a Gauntlet)

   Str+2:     It affects your strength (+2).
   Int-3:     It affects your intelligence (-3).
   rN+:       It protects you from negative energy.
   +Blink:    It lets you blink.
 V - the +1 robe of Vines (worn) {NoPotionHeal Regen++++}
   (You bought it in a shop on level 4 of the Dungeon)

   NoPotionHeal: Its wearer cannot be healed by potions.
   Regen++++: It increases your rate of health regeneration.
Jewellery
 a - an amulet of reflection
 d - a ring of willpower (right hand)
 g - an amulet of guardian spirit
 h - a ring of protection from fire
 l - an amulet of regeneration (around neck)
 K - a ring of wizardry
 N - a ring of poison resistance
 O - the ring of Tefrifyl (left hand) {rC+ rN+ rCorr}
   (You found it on level 1 of the Snake Pit)

   [ring of resist corrosion]

   rC+:       It protects you from cold.
   rN+:       It protects you from negative energy.
   rCorr:     It protects you from acid and corrosion.
Wands
 c - a wand of flame (17)
 s - a wand of polymorph (10)
 w - a wand of mindburst (12)
 A - a wand of paralysis (13)
 C - a wand of quicksilver (12)
 D - a wand of iceblast (42)
Scrolls
 f - 10 scrolls of teleportation
 o - a scroll of summoning
 q - 5 scrolls of fear
 r - 4 scrolls of amnesia
 v - 2 scrolls of blinking
 L - 2 scrolls of revelation
 M - a scroll of immolation
 R - a scroll of identify
Potions
 i - 3 potions of ambrosia
 k - 8 potions of enlightenment
 m - 4 potions of lignification
 n - 2 potions of brilliance
 p - 11 potions of curing
 t - 2 potions of berserk rage
 u - a potion of mutation
 x - 3 potions of attraction
 z - 6 potions of heal wounds
 B - a potion of resistance
 F - 2 potions of cancellation
 G - a potion of invisibility
 H - 6 potions of haste
 I - a potion of experience {unknown}
 P - a potion of magic {unknown}
Miscellaneous
 J - a phantom mirror
 Q - a lightning rod (3/4)


   Skills:
 * Level 17.4 Fighting
 - Level 4.4 Long Blades
 * Level 16.9 Maces & Flails
 - Level 3.5 Polearms
 + Level 18.2 Armour
 * Level 14.0 Dodging
 * Level 17.4 Shields


You had 15 spell levels left.
You didn't know any spells.
Your spell library contained the following spells:

 Spells                   Type           Power      Damage    Failure   Level
 Apportation              Tloc           0%         N/A       45%         1
 Freeze                   Ice            0%         1d3       45%         1
 Necrotise                Necr           0%         1d4       45%         1
 Sandblast                Erth           0%         2d4       45%         1
 Summon Small Mammal      Summ           0%         N/A       45%         1
 Passwall                 Tmut/Erth      0%         N/A       61%         2
 Scorch                   Fire           0%         2d5       61%         2
 Sublimation of Blood     Necr           0%         N/A       61%         2
 Frozen Ramparts          Ice            0%         1d1       83%         3
 Hailstorm                Conj/Ice       0%         3d3       83%         3
 Inner Flame              Hex/Fire       0%         N/A       83%         3
 Ozocubu's Armour         Ice            0%         N/A       83%         3
 Sigil of Binding         Hex            0%         N/A       83%         3
 Stone Arrow              Conj/Erth      0%         3d7       83%         3
 Tukima's Dance           Hex            0%         N/A       83%         3
 Volatile Blastmotes      Fire/Tloc      0%         2d10      83%         3
 Anguish                  Hex/Necr       0%         N/A       99%         4
 Brom's Barrelling Bould  Conj/Erth      0%         2d3       99%         4
 Dimensional Bullseye     Hex/Tloc       0%         N/A       99%         4
 Flame Wave               Conj/Fire      0%         2d4       99%         4
 Iskenderun's Mystic Bla  Conj/Tloc      0%         2d3       99%         4
 Petrify                  Tmut/Erth      0%         N/A       99%         4
 Sticky Flame             Conj/Fire      0%         2d3       99%         4
 Vhi's Electric Charge    Tloc/Air       0%         N/A       99%         4
 Arcjolt                  Conj/Air       0%         1d10      100%        5
 Irradiate                Conj/Tmut      0%         3d11      100%        5
 Summon Mana Viper        Hex/Summ       0%         N/A       100%        5
 Plasma Beam              Fire/Air       0%         2x1d10    100%        6
 Summon Cactus Giant      Summ           0%         N/A       100%        6
 Malign Gateway           Summ/Tloc      0%         N/A       100%        7
 Ozocubu's Refrigeration  Ice            0%         4d7       100%        7
 Summon Horrible Things   Summ           0%         N/A       100%        8


Dungeon Overview and Level Annotations

Branches:
Dungeon (13/15)            Temple (0/1) D:5            Lair (5/5) D:9
  Swamp (0/4) Lair:2        Snake (4/4) Lair:3        Slime (0/5) Lair:5
    Orc (0/2) D:12         Bailey (visited)         Volcano (visited)
Gauntlet (visited)
 Vaults: D:13-14

Altars:
Cheibriados
Dithmenos
Elyvilon
Fedhas
Gozag
Kikubaaqudgha
Makhleb
Okawaru
Qazlal
Sif Muna
Uskayaw
Vehumet
Wu Jian
Xom
Yredelemnul
Zin
The Shining One

Shops:
D:4 [[?[*   D:13 !   Snake:1 :=[

Annotations:
D:9 3 runed translucent doors, MackTheKnife's ghost, novice DjMo


Innate Abilities, Weirdness & Mutations

You have a pair of horns on your head.
You reflexively headbutt those who attack you in melee.


Message History

You puncture the naga!
You kill the naga!
Qazlal accepts your kill.
Your +5 spectral eveningstar disappears.
You feel sick.
You feel sick.
Things that are here:
a +0 short sword; a +0 glaive; a naga corpse You feel sick.
The nagaraja casts a spell at you. The bolt of poison hits you!!!
You are more poisoned.
Things that are here:
a +0 spear; a +0 robe; a naga corpse You enter the shallow water.
Moving in this stuff is going to be slow.
You feel very sick.
The nagaraja gestures at you while chanting.
The bolt of poison is repelled.
You feel very sick. The nagaraja casts a spell at you.
The bolt of poison hits you!!
You are more poisoned.
* * * LOW HITPOINT WARNING * * *
You feel extremely sick.
The nagaraja casts a spell.
The nagaraja seems to speed up.
You closely miss the nagaraja.
You headbutt the nagaraja, but do no damage.
Your +5 spectral eveningstar barely misses the nagaraja.
You feel very sick.
The nagaraja gestures at you while chanting.
The bolt of poison hits you!!
You are more poisoned.
* * * LOW HITPOINT WARNING * * *
Blink to where?
Press: ? - help, Q - select action, (/) - cycle Dir - move target
As you read the scroll of blinking, it crumbles to dust.
Your +5 spectral eveningstar disappears.
You die...

###...........<.....
.##.................
.##..###..#.........
###.## #####†##.....
#..# ######.# #..
....###......#####
.... #...........##
##. ......##...[.#
## ...... ##''@## .#
.....###.....### .#
#...##...~≈~...# ##
###.#.#..~≈~..#.# #
#.#..~≈~..# #
#.#).~~°..#.#
##)))○~~...#
###§○§..###
####'#N#######


There were no monsters in sight!

Vanquished Creatures
  7 nagarajas
  A minotaur (Gauntlet)
  Snorg (Lair:4)
  A salamander tyrant (Snake:4)
  3 catoblepae
  Fannar (D:11)
  6 hydras
  3 boulder beetles
  2 centaur warriors (D:13)
  9 two-headed ogres
  8 anacondas
  16 death yaks
  10 naga warriors
  A deep troll shaman (Lair:5)
  A hell hog (Volcano)
  14 naga sharpshooters
  3 shock serpents
  Sonja (Lair:3)
  A sixfirhy (Gauntlet)
  7 sea snakes (Snake:4)
  A skyshark (Lair:4)
  A salamander mystic (Snake:4)
  8 naga ritualists
  16 mana vipers
  Pikel (D:6)
  An orc knight (Bailey)
  A deep elf pyromancer (Bailey)
  2 cyclopes
  A manticore (D:11)
  13 salamanders
  20 elephants
  5 guardian serpents
  38 black mambas
  Joseph (D:8)
  13 naga magi
  A torpor snail (Lair:4)
  17 cane toads
  An efreet (Gauntlet)
  3 kobold demonologists (D:12)
  A freezing wraith (D:13)
  5 rime drakes
  A troll (D:9)
  13 komodo dragons
  4 polar bears
  Prince Ribbit (D:6)
  20 blink frogs
  2 slime creatures (D:12)
  2 wyverns
  3 shadows
  2 vampires (D:9)
  37 yaks
  Grum (D:8)
  A fire bat (Volcano)
  6 wraiths
  3 basilisks (Lair:4)
  2 steam dragons
  2 vampire mosquitoes (D:12)
  3 fire elementals (Gauntlet)
  35 nagas
  Edmund (D:5)
  4 acid dragons
  14 water moccasins
  A swamp drake (D:12)
  2 hell hounds
  Duvessa (D:6)
  An ice beast (D:8)
  10 orc warriors
  A sky beast (D:6)
  6 black bears
  20 wolves
  5 centaurs
  A lemure (D:6)
  5 kobold brigands
  3 gnoll sergeants
  16 bullfrogs
  6 scorpions
  8 wights
  Dowan (D:6)
  4 killer bees (D:9)
  3 howler monkeys
  A centaur zombie (D:9)
  3 jellies (D:6)
  5 orc priests
  5 hounds
  3 iguanas
  A sleepcap (D:5)
  15 orc wizards
  16 gnolls
  A howler monkey zombie (D:9)
  9 adders
  2 white imps
  5 ufetubi
  2 worms (D:4)
  2 dart slugs
  60 orcs
  6 ball pythons
  6 bats
  6 endoplasms
  6 giant cockroaches
  4 goblins
  8 hobgoblins
  7 jackals (D:1)
  14 kobolds
  3 quokkas
  4 frilled lizards (D:1)
  4 rats
  A spectral weapon (Lair:2)
696 creatures vanquished.

Vanquished Creatures (collateral kills)
  Vashnia (Snake:4)
1 creature vanquished.

Vanquished Creatures (others)
  Maggie (D:10)
  A centaur (Volcano)
  6 spectral weapons
8 creatures vanquished.

Grand Total: 705 creatures vanquished

Notes
Turn   | Place    | Note
-------+----------+-------------------------------------------
     0 | D:1      | Maratek the Minotaur Fighter began the quest for the Orb.
     0 | D:1      | Reached XP level 1. HP: 19/19 MP: 0/0
    74 | D:1      | Reached XP level 2. HP: 27/27 MP: 1/1
   167 | D:1      | Reached skill level 4 in Armour
   434 | D:1      | Reached XP level 3. HP: 33/33 MP: 2/2
   492 | D:1      | Identified a scroll of acquirement
   492 | D:1      | Acquired a +2 heavy eveningstar
   602 | D:2      | Identified the +6 mace of Jumuylig {freeze, rPois rC+
                  | Dex+6}
  1492 | D:3      | Found a faded altar of an unknown god.
  1497 | D:3      | Reached XP level 4. HP: 37/41 MP: 3/3
  1680 | D:3      | Found a white marble altar of Elyvilon.
  1809 | D:3      | Found a blossoming altar of Fedhas.
  1902 | D:3      | Found a stormy altar of Qazlal.
  2087 | D:3      | Became a worshipper of Qazlal Stormbringer
  2121 | D:4      | Reached skill level 1 in Maces & Flails
  2121 | D:4      | Reached XP level 5. HP: 44/47 MP: 4/4
  2256 | D:4      | Identified the +5 leather armour of Cocytus {Slay+3}
  2265 | D:4      | Reached skill level 1 in Dodging
  2267 | D:4      | Identified the +0 chain mail of Starshine {Int+2}
  2296 | D:4      | Reached skill level 5 in Fighting
  2296 | D:4      | Reached skill level 5 in Armour
  2296 | D:4      | Reached skill level 5 in Shields
  2298 | D:4      | Noticed a black bear
  2304 | D:4      | Killed a black bear
  2305 | D:4      | Reached XP level 6. HP: 50/56 MP: 5/5
  2467 | D:4      | Found Fitiqecyda's Armour Boutique.
  2593 | D:4      | Found Imem's Armour Shoppe.
  2594 | D:4      | Found Cekhesmo's Armour Emporium.
  2675 | D:4      | Found Ridebudd's Magic Scroll Shop.
  2693 | D:4      | Found Jus Ezong's Assorted Antiques.
  2729 | D:4      | Reached XP level 7. HP: 61/61 MP: 6/6
  2750 | D:4      | Reached * piety under Qazlal
  2756 | D:4      | Noticed a steam dragon
  2767 | D:4      | Killed a steam dragon
  2768 | D:4      | Reached skill level 6 in Armour
  2914 | D:5      | Entered Level 5 of the Dungeon
  2937 | D:5      | Found a staircase to the Ecumenical Temple.
  3122 | D:5      | Noticed Edmund
  3132 | D:5      | Killed Edmund
  3133 | D:5      | Reached XP level 8. HP: 61/71 MP: 7/7
  3300 | D:5      | Found a shimmering blue altar of Sif Muna.
  3406 | D:5      | Found a glowing silver altar of Zin.
  3513 | D:6      | Found a radiant altar of Vehumet.
  3526 | D:6      | Reached ** piety under Qazlal
  3556 | D:6      | Found a shimmering altar of Xom.
  3591 | D:6      | Found a glowing golden altar of the Shining One.
  3618 | D:6      | Noticed Pikel
  3630 | D:6      | Killed Pikel
  3631 | D:6      | Reached skill level 5 in Maces & Flails
  3631 | D:6      | Reached skill level 7 in Armour
  3828 | D:6      | Noticed Dowan
  3830 | D:6      | Noticed Duvessa
  3834 | D:6      | Killed Dowan
  3838 | D:6      | Killed Duvessa
  3839 | D:6      | Reached XP level 9. HP: 50/79 MP: 8/8
  3977 | D:6      | Found an opulent altar of Gozag.
  3983 | D:6      | Noticed Prince Ribbit
  3996 | D:6      | Killed Prince Ribbit
  4088 | D:6      | Reached skill level 8 in Armour
  4281 | D:7      | Found an ancient bone altar of Kikubaaqudgha.
  4333 | D:7      | Identified the staff of Truth {Will+ Earth}
  5040 | D:8      | Noticed Grum
  5041 | D:8      | Found an ornate altar of the Wu Jian Council.
  5054 | D:8      | Killed Grum
  5075 | D:8      | Reached *** piety under Qazlal
  5229 | D:8      | Found a flagged portal.
  5267 | Bailey   | Entered a bailey
  5320 | Bailey   | Noticed an orc knight
  5325 | Bailey   | Reached XP level 10. HP: 47/90 MP: 9/9
  5358 | Bailey   | Reached skill level 5 in Dodging
  5368 | Bailey   | Reached skill level 9 in Armour
  5392 | Bailey   | Killed an orc knight
  5693 | Bailey   | Found a large runed translucent door.
  5693 | Bailey   | Found a large runed translucent door.
  5694 | Bailey   | Noticed a deep elf pyromancer
  5761 | Bailey   | Killed a deep elf pyromancer
  5768 | Bailey   | Got Bath's Discursus on the Vexing Crevasse
  5793 | Bailey   | Identified the amulet of Gezujin {Spirit Harm Dex+3}
  6056 | D:8      | Found an iron altar of Okawaru.
  6110 | D:8      | Noticed Joseph
  6122 | D:8      | Killed Joseph
  6228 | D:8      | Noticed a two-headed ogre
  6235 | D:8      | Killed a two-headed ogre
  6236 | D:8      | Reached skill level 10 in Fighting
  6236 | D:8      | Reached skill level 10 in Armour
  6236 | D:8      | Reached skill level 10 in Shields
  6709 | D:9      | Reached **** piety under Qazlal
  6727 | D:9      | Reached XP level 11. HP: 100/100 MP: 10/10
  6738 | D:9      | Found a snail-covered altar of Cheibriados.
  6936 | D:9      | Found a runed translucent gate.
  6936 | D:9      | Found a runed translucent gate.
  6936 | D:9      | Found a runed translucent gate.
  6936 | D:9      | Noticed MackTheKnife's ghost (novice DjMo)
  6939 | D:9      | Found a basalt altar of Yredelemnul.
  6987 | D:9      | Found a burning altar of Makhleb.
  7330 | D:9      | Found a staircase to the Lair.
  7520 | D:10     | Entered Level 10 of the Dungeon
  7520 | D:10     | Noticed Maggie
  7520 | D:10     | Noticed a two-headed ogre
  7652 | D:10     | Noticed a boulder beetle
  7664 | D:10     | Killed a boulder beetle
  7703 | D:10     | Killed Maggie
  7797 | D:10     | Killed a two-headed ogre
  8129 | D:10     | Reached skill level 10 in Maces & Flails
  8173 | D:10     | Reached skill level 11 in Armour
  8407 | D:10     | Noticed a two-headed ogre
  8412 | D:10     | Killed a two-headed ogre
  8545 | D:11     | Noticed a two-headed ogre
  8547 | D:11     | Killed a two-headed ogre
  8616 | D:11     | Noticed Fannar
  8627 | D:11     | Killed Fannar
  8904 | D:11     | Noticed a two-headed ogre
  8907 | D:11     | Killed a two-headed ogre
  8908 | D:11     | Reached XP level 12. HP: 106/111 MP: 11/11
  9180 | D:12     | Noticed a boulder beetle
  9186 | D:12     | Killed a boulder beetle
  9237 | D:12     | Identified the +7 demon blade "Vairr" {flame, rElec rPois
                  | rC- Will+}
  9288 | D:12     | Reached ***** piety under Qazlal
  9387 | D:12     | Noticed a two-headed ogre
  9401 | D:11     | Killed a two-headed ogre
  9402 | D:11     | Reached skill level 1 in Long Blades
  9456 | D:12     | Reached skill level 12 in Armour
  9528 | D:12     | Found a staircase to the Orcish Mines.
 10121 | D:13     | Noticed a centaur warrior
 10125 | D:13     | Killed a centaur warrior
 10232 | D:13     | Noticed a two-headed ogre
 10239 | D:13     | Killed a two-headed ogre
 10241 | D:13     | Found a gate leading to a gauntlet.
 10262 | Gauntlet | Entered a Gauntlet
 10262 | Gauntlet | Found a transporter.
 10262 | Gauntlet | Found a transporter.
 10266 | Gauntlet | Found a transporter.
 10270 | Gauntlet | Found a transporter.
 10270 | Gauntlet | Found a transporter.
 10271 | Gauntlet | Found a transporter.
 10305 | Gauntlet | Noticed a death scarab
 10329 | Gauntlet | Found a transporter.
 10330 | Gauntlet | Found a transporter.
 10330 | Gauntlet | Found a transporter.
 10333 | Gauntlet | Found a transporter.
 10352 | Gauntlet | Identified the +0 hat of Foolhardiness {rCorr Int+7 Stlth-}
 10399 | Gauntlet | Found a transporter.
 10400 | Gauntlet | Found a transporter.
 10435 | Gauntlet | Identified the +8 quarterstaff of the Gibberer {freeze,
                  | +Blink rN+ Str+3 Stlth+}
 10474 | Gauntlet | Noticed a minotaur
 10487 | Gauntlet | Killed a minotaur
 10495 | Gauntlet | Got the Thoughts on Fascination and the Compass
 10501 | Gauntlet | Identified the +0 pair of boots "Ceojosu" {+Blink rN+ Str+2
                  | Int-3}
 10504 | Gauntlet | Identified the +6 quick blade "Boihuj" {flame, rF- rN+
                  | Int+3}
 10526 | D:13     | Noticed a centaur warrior
 10527 | D:13     | Found Ikulesac's Distillery.
 10532 | D:13     | Killed a centaur warrior
 10806 | D:4      | Bought a scroll of enchant armour for 97 gold pieces
 10823 | D:4      | Bought the +1 robe of Vines {NoPotionHeal Regen++++} for
                  | 800 gold pieces
 10823 | D:4      | Found the +1 robe of Vines {NoPotionHeal Regen++++}
 11030 | Lair:1   | Entered Level 1 of the Lair of Beasts
 11030 | Lair:1   | Noticed a boulder beetle
 11030 | Lair:1   | Found an ornate altar of the Wu Jian Council.
 11030 | Lair:1   | Found a hide-covered altar of Uskayaw.
 11433 | Lair:1   | Killed a boulder beetle
 11723 | Lair:2   | Reached XP level 13. HP: 116/119 MP: 10/12
 11731 | Lair:2   | Reached skill level 13 in Armour
 11991 | Lair:2   | Found a staircase to the Swamp.
 12409 | Lair:3   | Noticed Sonja
 12476 | Lair:3   | Reached skill level 14 in Armour
 12596 | Lair:3   | Killed Sonja
 12668 | Lair:3   | Reached ****** piety under Qazlal
 12872 | Lair:3   | Found a staircase to the Snake Pit.
 13331 | Lair:4   | Noticed Snorg
 13339 | Lair:4   | Killed Snorg
 13692 | Lair:4   | Reached skill level 10 in Dodging
 13692 | Lair:4   | Reached XP level 14. HP: 120/132 MP: 10/13
 13774 | Lair:4   | Reached skill level 15 in Armour
 13984 | Lair:4   | Found a shadowy altar of Dithmenos.
 14206 | Lair:5   | Entered Level 5 of the Lair of Beasts
 14402 | Lair:5   | Found a dark tunnel.
 14414 | Volcano  | Entered a volcano
 14804 | Lair:5   | Reached skill level 15 in Shields
 14817 | Lair:5   | Reached skill level 15 in Fighting
 14837 | Lair:5   | Found a staircase to the Slime Pits.
 15020 | Lair:5   | Reached skill level 16 in Armour
 15326 | Lair:5   | Reached XP level 15. HP: 130/141 MP: 14/14
 15375 | Lair:5   | Identified the +1 arbalest "Ropulik" {heavy, Str+3}
 15380 | Lair:5   | Identified the staff of Cajumosy {rElec rN+ Str+6 Int-3
                  | Earth}
 15674 | Snake:1  | Entered Level 1 of the Snake Pit
 15697 | Snake:1  | Identified the ring of Tefrifyl {rC+ rN+ rCorr}
 15798 | Snake:1  | Reached skill level 15 in Maces & Flails
 15873 | Snake:1  | Found Holiagum's Book Shop.
 15911 | Snake:1  | Found Houst's Antique Armour Shoppe.
 15911 | Snake:1  | Found Soenoschu's Jewellery Emporium.
 16525 | Snake:2  | Identified the +3 leather armour of the Eagle {rF+ Dex+5
                  | Stlth-}
 16769 | Snake:2  | Noticed a nagaraja
 16776 | Snake:2  | Killed a nagaraja
 17555 | Snake:3  | Reached skill level 17 in Armour
 18522 | Snake:4  | Entered Level 4 of the Snake Pit
 18629 | Snake:4  | Reached XP level 16. HP: 149/152 MP: 15/15
 18995 | Snake:4  | Noticed Vashnia
 19023 | Snake:4  | Killed Vashnia
 19230 | Snake:4  | Reached skill level 18 in Armour
 19456 | Snake:4  | HP: 5/155 [nagaraja/bolt of poison (32)]
 19457 | Snake:4  | Succumbed to a nagaraja's bolt of poison

Illustrated notes

Levels and vault maps discovered:
D:1:      saegor_arrival_simple_c, layout_basic
D:2:      layout_basic, serial_rivers, chequers_serial_rivers_room_b,
          chequers_serial_rivers_micro_b, chequers_serial_rivers_small_a,
          chequers_serial_rivers_small_a, chequers_serial_rivers_large_b
D:3:      layout_basic, fedhas_altar_1, lemuel_tele_altar,
          mainiacjoe_overflow_cross_hatched, basic_ecumenical_altar,
          due_unseen_surprise
D:4:      cheibrodos_barr_body, layout_rooms, serial_shops, shop, shop, shop,
          nicolae_shop_pleasant_corner_grove, shop, minmay_cut_off
D:5:      layout_cave_pools, zin_statuary, lemuel_blue_sif_altar,
          minmay_temple_entry_offerings, mrwooster_statue_mirror, sigmund_army,
          uniq_edmund
D:6:      layout_rooms, mainiacjoe_overflow_surrounded_room,
          mainiacjoe_overflow_tiny_flanked, overflow_temple_1_default,
          nicolae_overflow_crystal_walls, uniq_duvessa, uniq_prince_ribbit1,
          uniq_pikel
D:7:      nicolae_BIG_FREAKIN_CUBE, layout_rooms, general_overflow_altar,
          serial_corexii_hall, chequers_hall_statues_corner_a,
          corexii_hall_statues_i, chequers_hall_statues_wall_a,
          kb_lookout_dungeons_type, hangedman_abyss_or_decor_passed,
          chequers_garden
D:8:      layout_cave_pods, mainiacjoe_overflow_alcove_1, amcnicky_altar_gilded,
          enter_bailey_6, uniq_grum, uniq_joseph
D:9:      layout_roguey, mainiacjoe_overflow_six_doors_small,
          nicolae_yredelemnul_ghost_church, mainiacjoe_overflow_brackets,
          grunt_lair_entry_orc_guard_hut, minivault_16
D:10:     layout_loops_ring, nicolae_benzene_ring, uniq_maggie
D:11:     layout_loops_cross, minmay_misc_feat_hallway, uniq_fannar
D:12:     layout_cave_pools, erik_orc_1
D:13:     layout_stronghold, hellmonk_vaults_attempted_burglary, serial_shops,
          shop, gauntlet_entry_generic, kennysheep_generic_room_8
Lair:1:   layout_gridlike, nzn_masters_of_martial_movement
Lair:2:   layout_hall_layers, swamp_mist, grunt_megastairs_1,
          infiniplex_staircase_pool, lemuel_fruit_tree
Lair:3:   layout_chaotic_city, nicolae_snake_entry_squirm, grunt_megastairs_5,
          uniq_sonja
Lair:4:   nzn_winding_woodlands_three_and_one [nzn_winding_woodlands_5x15_cabin,
          nzn_winding_woodlands_5x15_twine, nzn_winding_woodlands_5x15_crooked,
          nzn_winding_woodlands_center_pierced_h], layout_long_grid,
          basic_altar, uniq_snorg
Lair:5:   grunt_lair_end_beastmaster, layout_regular_city, slime_entry_1,
          nicolae_volcano_entry_lava_flow
Snake:1:  layout_onion, serial_shops, shop, grunt_megastairs_3, minmay_shoptagon
Snake:2:  layout_gridlike, nicolae_integral_box
Snake:3:  layout_chambers
Snake:4:  grunt_snake_rune_pools, layout_cave_pods,
          nicolae_snake_gridmaze_squiggle, uniq_vashnia

Skill      XL: |  1  2  3  4  5  6  7  8  9 10 11 12 13 14 15 16 |
---------------+-------------------------------------------------+-----
Armour         | 4 5 6 7 8 10 11 12 14 16 17 18 | 18.2
Shields        | 4 5 6 7 9 10 11 12 14 15 16 17 | 17.4
Fighting       | 4 5 6 7 8 10 11 12 14 15 16 17 | 17.4
Polearms       | 3 |  3.5
Maces & Flails | 1 2 3 4 5 7 9 10 12 13 14 16 | 16.9
Dodging        | 1 2 3 4 6 7 8 10 11 13 14 | 14.0
Long Blades    | 4 |  4.4

Action                     |  1- 3 |  4- 6 |  7- 9 | 10-12 | 13-15 | 16-18 || total
---------------------------+-------+-------+-------+-------+-------+-------++-------
  Melee: Trident           |    53 |       |       |       |       |       ||    53
         Headbutt          |    11 |    10 |    55 |    71 |   154 |    71 ||   372
         Mace              |    15 |    50 |   224 |    46 |       |       ||   335
         Eveningstar       |    14 |       |       |   305 |   618 |   241 ||  1178
         Demon blade       |       |       |       |    19 |       |       ||    19
  Evoke: Phantom mirror    |       |       |       |     1 |       |     1 ||     2
         Lightning rod     |       |       |       |       |       |     4 ||     4
    Use: Scroll            |     8 |     3 |     5 |    13 |     9 |     2 ||    40
         Potion            |       |       |     1 |     4 |       |     6 ||    11
   Stab: Distracted        |       |       |       |     2 |     8 |     1 ||    11
         Petrified         |       |       |       |       |     3 |       ||     3
 Armour: Scale mail        |    48 |     8 |       |       |       |       ||    56
         Leather armour    |       |    10 |   102 |       |       |       ||   112
         Plate armour      |       |       |    17 |   163 |       |       ||   180
         Robe              |       |       |       |     8 |   163 |    72 ||   243
  Dodge: Dodged            |    50 |    20 |    80 |    64 |   118 |    56 ||   388
         Repelled          |       |       |       |     2 |     5 |    11 ||    18
  Block: Buckler           |    24 |    29 |   120 |       |       |       ||   173
         Kite shield       |       |       |    81 |   323 |   587 |   247 ||  1238
         Reflection        |       |       |     5 |       |       |       ||     5

Table legend: (Time is in decaauts)
 A = Elapsed time spent in this place.
 B = Non-inter-level travel time spent in this place.
 C = Inter-level travel time spent in this place.
 D = Time resting spent in this place.
 E = Time spent auto-exploring this place.
 F = Levels seen in this place.
 G = Mean time per level.
                   A        B        C        D        E       F      G
               +--------+--------+--------+--------+--------+-----+--------+
         Total |  19416 |  18077 |   1339 |    543 |  13865 |  25 |  776.6 |
       Dungeon |  10338 |   9427 |    911 |    141 |   7669 |  13 |  795.2 |
          Lair |   4258 |   3944 |    314 |      0 |   3145 |   5 |  851.6 |
     Snake Pit |   3658 |   3546 |    112 |    135 |   2659 |   4 |  914.5 |
        Bailey |    537 |    537 |      0 |    230 |    121 |   1 |  537.0 |
       Volcano |    360 |    360 |      0 |      8 |    220 |   1 |  360.0 |
      Gauntlet |    263 |    263 |      0 |     29 |     49 |   1 |  263.0 |
               +--------+--------+--------+--------+--------+-----+--------+

Top non-repeatable levels by time:
 Snake:3: 1146 daAuts
     D:8: 1085 daAuts
     D:9: 1032 daAuts
     D:2: 1029 daAuts
  Lair:5: 994 daAuts
  Lair:4: 985 daAuts
    D:10: 942 daAuts
     D:4: 939 daAuts
 Snake:2: 887 daAuts
  Lair:3: 852 daAuts
 Snake:4: 850 daAuts
     D:6: 831 daAuts
 Snake:1: 773 daAuts
     D:7: 771 daAuts
  Lair:2: 748 daAuts
